 Dungeon Crawl Stone Soup version 0.30-a0-476-g330ca2eb8e (webtiles) character file.

Game seed: 13274495475272985473

7703 cforsyth the Geomancer (level 11, -1/61 HPs)
             Began as a Gargoyle Earth Elementalist on Dec 21, 2022.
             Was a Believer of Vehumet.
             Slain by a torpor snail (19 damage)
             ... on level 9 of the Dungeon on Dec 22, 2022.
             The game lasted 00:35:48 (10569 turns).

cforsyth the Geomancer (GrEE)                      Turns: 10569, Time: 00:35:49

Health: -1/61      AC: 12    Str: 13    XL:     11   Next: 19%
Magic:  23/25      EV: 20    Int: 19    God:    Vehumet [**....]
Gold:   562        SH:  0    Dex: 10    Spells: 30/31 levels left

rFire   . . .      SeeInvis .    v - +9 spear of Taob {flame, Fly rCorr}
rCold   . . .      Faith    .    (no shield)
rNeg    + . .      Spirit   .    C - +2 robe
rPois   ∞          Reflect  .    (no helmet)
rElec   +          Harm     .    d - scarf {repulsion}
rCorr   +          Rampage  .    (no gloves)
Will    .....                    (no boots)
Stlth   ++........               x - amulet of regeneration
HPRegen 1.10/turn                t - +4 ring of evasion
MPRegen 0.19/turn                s - +4 ring of evasion

@: flying, slowed, repel missiles, very slow
A: sickness immunity, AC +8, negative energy resistance 1, electricity
resistance, torment resistance 1, petrification resistance
a: Renounce Religion


You were on level 9 of the Dungeon.
You worshipped Vehumet.
Vehumet was pleased with you.
You visited 2 branches of the dungeon, and saw 11 of its levels.
You also visited: Sewer and Bailey.

You collected 562 gold pieces.

Inventory:

Hand Weapons
 v - the +9 spear of Taob (weapon) {flame, Fly rCorr}
   (You found it on level 10 of the Dungeon)

   It burns those it strikes, dealing additional fire damage.
   Fly:       It grants you flight.
   rCorr:     It protects you from acid and corrosion.
Missiles
 k - 2 throwing nets
Armour
 d - a scarf of repulsion (worn)
 n - the +1 leather armour "Veryfe Ijad" {Fly Regen+ Slay-6}
   (You found it in a bailey)

   Slay:      It affects your accuracy & damage with ranged weapons and melee
   (-6).
   Fly:       It grants you flight.
   Regen:     It increases your rate of health regeneration.
 C - a +2 robe (worn)
Jewellery
 h - a ring of resist corrosion
 s - a +4 ring of evasion (right hand)
 t - a +4 ring of evasion (left hand)
 u - a ring of protection from cold
 x - an amulet of regeneration (around neck)
 F - a +4 ring of evasion
 L - a +6 ring of intelligence
Wands
 A - a wand of digging (3)
 D - a wand of paralysis (21)
 K - a wand of polymorph (3)
Scrolls
 f - a scroll of blinking
 l - a scroll of fear
 p - a scroll of enchant armour
 q - a scroll of brand weapon
 r - 3 scrolls of fog
 y - 2 scrolls of immolation
 B - a scroll of enchant weapon
 M - a scroll of vulnerability
Potions
 a - 3 potions of cancellation
 b - 4 potions of magic
 c - 3 potions of heal wounds
 e - 4 potions of resistance
 g - 2 potions of lignification
 j - a potion of haste
 m - 2 potions of invisibility
 o - a potion of berserk rage
 w - 4 potions of mutation
 z - a potion of brilliance {unknown}
 E - a potion of degeneration {unknown}
 H - a potion of attraction {unknown}
 I - a potion of might {unknown}
 J - 2 potions of flight


   Skills:
 + Level 4.1 Fighting
 + Level 4.1 Armour
 + Level 3.6 Dodging
 - Level 2.2 Stealth
 + Level 10.6 Spellcasting
 - Level 0.8 Transmutations
 - Level 13.1 Earth Magic


You had 30 spell levels left.
You knew the following spells:

 Your Spells              Type           Power      Damage    Failure   Level
a - Sandblast             Erth           100%       2d20      1%          1

Your spell library contained the following spells:

 Spells                   Type           Power      Damage    Failure   Level
 Searing Ray              Conj           20%        2d5       11%         2
 Passwall                 Tmut/Erth      30%        N/A       1%          2
 Stone Arrow              Conj/Erth      70%        3d11      1%          3
 Petrify                  Tmut/Erth      36%        N/A       4%          4
 Freeze                   Ice            40%        1d6       7%          1
 Magic Dart               Conj           40%        1d5       7%          1
 Call Imp                 Summ           10%        N/A       11%         2
 Ensorcelled Hibernation  Hex/Ice        20%        N/A       11%         2
 Spider Form              Tmut/Pois      11%        N/A       17%         3
 Frozen Ramparts          Ice            20%        1d4       22%         3
 Hailstorm                Conj/Ice       10%        3d5       22%         3
 Mephitic Cloud           Conj/Pois/Air  10%        N/A       22%         3
 Anguish                  Hex/Necr       5%         N/A       56%         4


Dungeon Overview and Level Annotations

Branches:
Dungeon (10/15)            Temple (0/1) D:7            Lair (1/5) D:9
  Sewer (visited)          Bailey (visited)
    Orc: D:9-12

Altars:
Ashenzari
Fedhas
Gozag
Makhleb
Okawaru
Qazlal
Ru
Vehumet
Xom
Yredelemnul
Zin
The Shining One

Shops:
D:4 (   D:7 :   D:9 (

Annotations:
D:4 1 runed translucent door, Crazy Yiuf


Innate Abilities, Weirdness & Mutations

You are immune to sickness and miasma.
Your stone body is resilient. (AC +8)
You are immune to poison.
You resist negative energy. (rN+)
You are resistant to electric shocks. (rElec)
You are resistant to unholy torment.
You are immune to petrification.


Message History

The yak misses you. The torpor snail barely misses you.
Unknown command.
Casting: Sandblast (safe; 1% risk of failure)
Confirm with . or Enter, or press ? or * to list all spells.
Aiming: Sandblast (safe; 1% risk of failure)
Press: ? - help, Shift-Dir - straight line, f/p - yak
Aim: a yak (lightly wounded, 91% to hit)
The blast of sand hits the yak!!
The yak is almost dead.
The yak barely misses you. The yak gores you but does no damage.
The torpor snail misses you. The yak misses you.
Unknown command.
Casting: Sandblast (safe; 1% risk of failure)
Confirm with . or Enter, or press ? or * to list all spells.
Aiming: Sandblast (safe; 1% risk of failure)
Press: ? - help, Shift-Dir - straight line, f/p - yak
Aim: a yak (almost dead, 91% to hit)
The blast of sand hits the yak!
You kill the yak!
Vehumet accepts your kill.
You feel your power returning. The torpor snail bites you!
The torpor snail misses you.
Casting: Sandblast (safe; 1% risk of failure)
Confirm with . or Enter, or press ? or * to list all spells.
Aiming: Sandblast (safe; 1% risk of failure)
Press: ? - help, Shift-Dir - straight line, f - torpor snail
Aim: a torpor snail (100% to hit)
The blast of sand hits the torpor snail.
The torpor snail is lightly wounded.
The torpor snail bites you!
* * * LOW HITPOINT WARNING * * *
Casting: Sandblast (safe; 1% risk of failure)
Confirm with . or Enter, or press ? or * to list all spells.
Aiming: Sandblast (safe; 1% risk of failure)
Press: ? - help, Shift-Dir - straight line, f/p - torpor snail
Aim: a torpor snail (lightly wounded, 100% to hit)
The blast of sand hits the torpor snail!
The torpor snail is moderately wounded.
The torpor snail bites you!!
You die...

#.#..........##
#..)..........#
.....#.[......###
.......[........##..
.....#)..†.#........
....#.#.##.......###
....##...##........#
....#..w..#.....#..+
.......@†)...#.....#
..........#.....#..#
.#.#.#...###.#....>#
.....#..## ........#
.....#...# ....~...
........... ...~###
...................#..h
........................
......................


You could see a torpor snail.

Vanquished Creatures
  A gargoyle (Bailey)
  A rime drake (D:9)
  A troll (D:10)
  Sigmund (D:5)
  A vampire (Bailey)
  A shadow (D:10)
  3 wraiths
  5 yaks
  2 steam dragons
  2 vampire mosquitoes (D:8)
  Edmund (D:5)
  2 water moccasins
  2 black bears
  3 orc warriors (D:10)
  7 ice beasts
  An ogre (D:4)
  3 wolves (D:9)
  4 centaurs
  A phantom (D:5)
  3 kobold brigands
  2 bullfrogs
  2 scorpions (D:5)
  11 wights
  Dowan (D:7)
  3 howler monkeys
  7 vampire bats (Bailey)
  3 killer bees (D:9)
  4 wolf zombies (Bailey)
  A jelly (D:6)
  A hound (D:4)
  4 orc priests
  A gnoll bouda (D:6)
  4 iguanas
  4 orc wizards
  11 gnolls
  9 adders
  8 river rats (Sewer)
  2 ufetubi (D:6)
  3 worms
  2 dart slugs
  29 orcs
  4 bats
  12 endoplasms
  3 giant cockroaches
  6 goblins
  4 hobgoblins
  2 quokkas (D:1)
  14 ball pythons
  3 frilled lizards
  28 kobolds
  16 orc zombies (Bailey)
  32 rats
281 creatures vanquished.

Notes
Turn   | Place    | Note
-------+----------+-------------------------------------------
     0 | D:1      | cforsyth the Gargoyle Earth Elementalist began the quest
                  | for the Orb.
     0 | D:1      | Reached XP level 1. HP: 10/10 MP: 3/3
   250 | D:1      | Reached XP level 2. HP: 15/15 MP: 1/5
   333 | D:1      | Reached skill level 4 in Earth Magic
   643 | D:1      | Reached XP level 3. HP: 19/19 MP: 4/6
  1188 | D:2      | Reached XP level 4. HP: 24/24 MP: 6/8
  1435 | D:2      | Reached skill level 5 in Earth Magic
  2089 | D:3      | Identified the +2 spear "Giantslayer" {freeze, Str+2}
  2247 | D:3      | Reached XP level 5. HP: 28/28 MP: 8/10
  2552 | D:4      | Found Kusot's Weapon Boutique.
  3092 | D:4      | Reached skill level 6 in Earth Magic
  3092 | D:4      | Reached XP level 6. HP: 32/32 MP: 8/12
  3173 | D:4      | Found a runed translucent door.
  3174 | D:4      | Noticed Crazy Yiuf
  3439 | D:4      | Found a basalt altar of Yredelemnul.
  3833 | D:5      | Entered Level 5 of the Dungeon
  4045 | D:5      | Reached skill level 5 in Spellcasting
  4045 | D:5      | Reached skill level 7 in Earth Magic
  4045 | D:5      | Reached XP level 7. HP: 36/36 MP: 7/14
  4095 | D:5      | Noticed Sigmund
  4100 | D:5      | Killed Sigmund
  4184 | D:5      | Noticed Edmund
  4216 | D:6      | Found a blossoming altar of Fedhas.
  4266 | D:6      | Reached skill level 8 in Earth Magic
  4291 | D:6      | Reached XP level 8. HP: 41/41 MP: 8/16
  4302 | D:6      | Found an iron altar of Okawaru.
  4373 | D:6      | Found a glowing drain.
  4383 | Sewer    | Entered a sewer
  4938 | Sewer    | Reached skill level 9 in Earth Magic
  5517 | D:5      | Killed Edmund
  5617 | D:5      | Found a radiant altar of Vehumet.
  5664 | D:5      | Reached skill level 10 in Earth Magic
  5664 | D:5      | Reached XP level 9. HP: 31/45 MP: 15/20
  5706 | D:5      | Became a worshipper of Vehumet
  5934 | D:5      | Found a glowing silver altar of Zin.
  5999 | D:5      | Found a broken altar of Ashenzari.
  6479 | D:6      | Reached skill level 11 in Earth Magic
  6934 | D:7      | Noticed Dowan
  6936 | D:7      | Noticed Duvessa
  6937 | D:7      | Killed Dowan
  7291 | D:7      | Reached * piety under Vehumet
  7291 | D:7      | Offered knowledge of Foxfire by Vehumet.
  7528 | D:7      | Duvessa changed into Duvessa the centaur
  7528 | D:7      | Noticed Duvessa
  7532 | D:7      | Killed Duvessa the centaur
  7741 | D:7      | Found Sacu's Book Shoppe.
  8001 | D:7      | Found a staircase to the Ecumenical Temple.
  8099 | D:8      | Found a glowing golden altar of the Shining One.
  8152 | D:8      | Reached skill level 12 in Earth Magic
  8184 | D:8      | Reached XP level 10. HP: 50/50 MP: 19/23
  8520 | D:8      | You fall into a shaft and drop 2 floors!
  8520 | D:10     | Entered Level 10 of the Dungeon
  8605 | D:10     | Found an opulent altar of Gozag.
  8638 | D:10     | Found a flagged portal.
  8648 | Bailey   | Entered a bailey
  8782 | Bailey   | Reached ** piety under Vehumet
  8806 | Bailey   | Offered knowledge of Poisonous Vapours by Vehumet.
  8866 | Bailey   | Noticed a gargoyle
  8880 | Bailey   | Killed a gargoyle
  8881 | Bailey   | Reached skill level 10 in Spellcasting
  8881 | Bailey   | Reached skill level 13 in Earth Magic
  9026 | Bailey   | Identified the +1 leather armour "Veryfe Ijad" {Fly Regen+
                  | Slay-6}
  9087 | Bailey   | Reached skill level 1 in Fighting
  9087 | Bailey   | Reached skill level 1 in Armour
  9143 | D:10     | Identified the +9 spear of Taob {flame, Fly rCorr}
  9294 | D:10     | Found a burning altar of Makhleb.
  9295 | D:10     | Noticed a balrug
  9441 | D:9      | Found Geadurph's Weapon Boutique.
  9719 | D:8      | Reached XP level 11. HP: 60/60 MP: 22/25
  9823 | D:8      | Found a sacrificial altar of Ru.
  9823 | D:8      | Found a stormy altar of Qazlal.
  9832 | D:8      | Found a faded altar of an unknown god.
  9834 | D:8      | Found a faded altar of an unknown god.
  9836 | D:8      | Found a shimmering altar of Xom.
 10467 | D:9      | Found a staircase to the Lair.
 10479 | Lair:1   | Entered Level 1 of the Lair of Beasts
 10550 | D:9      | Offered knowledge of Searing Ray by Vehumet.
 10569 | D:9      | Slain by a torpor snail

Illustrated notes

Levels and vault maps discovered:
D:1:      minmay_arrival_checkered_box, layout_rooms
D:2:      layout_basic, minmay_tetromino_l2
D:3:      layout_basic, minmay_stone_trees_small, kennysheep_flooded_box
D:4:      layout_loops_corners, overflow_temple_1_default, serial_shops,
          nicolae_take_the_stairs, minivault_25, uniq_crazy_yiuf_cottage
D:5:      layout_basic, nicolae_vehumet_radiance, general_overflow_altar,
          kennysheep_little_box, uniq_edmund, uniq_sigmund
D:6:      layout_loops_corners, okawaru_metal_pillars_1_2,
          mainiacjoe_overflow_small_starburst, portal_sewer_entry_b
D:7:      nicolae_BIG_FREAKIN_CUBE, layout_cave_pools, temple_green,
          serial_shops, shop, uniq_duvessa
D:8:      layout_basic, lemuel_tele_altar, chequers_temple_overflow_minitemple
D:9:      layout_irregular_city, hellmonk_lair_entry_icy, serial_shops,
          nicolae_shop_crystal, nicolae_shop_advertising_works
          [nicolae_subvault_shop_adworks], nicolae_square_shop,
          chequers_serial_rivers_micro_e
D:10:     layout_loops_cross, grunt_gozag_statues, makhleb_altar_promises_db,
          enter_bailey_2, serial_glass, glass_columns_b, glass_columns_a
Lair:1:   layout_cave_pods, grunt_megastairs_3

Skill      XL: |  1  2  3  4  5  6  7  8  9 10 11 |
---------------+----------------------------------+-----
Earth Magic    | 4 5 6 7 8 10 12 13 | 13.1
Spellcasting   | 3 4 5 7 9 10 | 10.6
Fighting       | 3 4 |  4.1
Armour         | 3 4 |  4.1
Dodging        | 3 |  3.6
Stealth        | |  2.2
Transmutations | |  0.8

Action                   |  1- 3 |  4- 6 |  7- 9 | 10-12 || total
-------------------------+-------+-------+-------+-------++-------
Melee: Spear             |       |     4 |     2 |    19 ||    25
       Punch             |       |       |       |     1 ||     1
 Cast: Sandblast         |    44 |   100 |   222 |   191 ||   557
Evoke: Wand              |       |       |     2 |     1 ||     3
  Use: Scroll            |     1 |       |     4 |    18 ||    23
       Potion            |       |       |       |     4 ||     4
Armor: Robe              |     4 |    10 |    19 |    36 ||    69
Dodge: Dodged            |    17 |    40 |   115 |   168 ||   340
       Repelled          |       |     2 |       |     3 ||     5

Table legend: (Time is in decaauts)
 A = Elapsed time spent in this place.
 B = Non-inter-level travel time spent in this place.
 C = Inter-level travel time spent in this place.
 D = Time resting spent in this place.
 E = Time spent auto-exploring this place.
 F = Levels seen in this place.
 G = Mean time per level.
                   A        B        C        D        E       F      G
               +--------+--------+--------+--------+--------+-----+--------+
         Total |  10904 |  10559 |    345 |    729 |   7382 |  13 |  838.8 |
       Dungeon |   9471 |   9126 |    345 |    729 |   6405 |  10 |  947.1 |
          Lair |     12 |     12 |      0 |      0 |      0 |   1 |   12.0 |
         Sewer |    893 |    893 |      0 |      0 |    651 |   1 |  893.0 |
        Bailey |    527 |    527 |      0 |      0 |    326 |   1 |  527.0 |
               +--------+--------+--------+--------+--------+-----+--------+

Top non-repeatable levels by time:
     D:6: 1358 daAuts
     D:4: 1328 daAuts
     D:8: 1175 daAuts
     D:5: 1112 daAuts
     D:2: 951 daAuts
     D:7: 933 daAuts
     D:3: 922 daAuts
   Sewer: 893 daAuts
     D:1: 764 daAuts
  Bailey: 527 daAuts
     D:9: 475 daAuts
    D:10: 448 daAuts
  Lair:1: 12 daAuts
